AoeStats
← :)

Arena

509793909Analyzed
4v4 RM · 5d ago on Sep 28, 2026· 39m 43s· 8 players
Game mode
Random Map
Map size
Large (8 player)
Population
200
Speed
Normal
Resources
Standard
Victory
Conquest
Starting age
Dark Age
Ending age
Imperial Age
RankedLock teamsTeams togetherTeam positionsShared explorationLock speedFull tech treeHidden civsTurbo modeCheats
Victory
Defeat
🇦🇷 Varangians · Argentina
1646
+6
🇨🇱 Saxons · Chile
1536
+9
🇦🇷 Danes · Argentina
1411
+13
🇦🇷 Persians · Argentina
1210
+21
🇧🇷 Bohemians · Brazil
1433
-16
🇨🇳 Saracens · China
1369
-12
🇦🇺 Malay · Australia
1331
-11
🇦🇷 Khmer · Argentina
1316
-10
:)
11:56 Feudal Age
14:53 Castle Age
12:36 Horse Collar
12:42 Double-Bit Axe
16:12 Bow Saw
19:49 Wheelbarrow
19:04 Town Watch
19:10 Loom
20:53 Hand Cart
23:36 Gold Mining
23:48 Heavy Plow
23:57 Stone Mining
27:53 Imperial Age
28:25 Gold Shaft Mining
27:56 Scale Barding Armor
28:02 Forging
28:41 Husbandry
28:51 Bloodlines
30:08 Chain Barding Armor
30:24 Iron Casting
30:13 Elite Battle Elephant
33:10 Fletching
33:56 Plate Barding Armor
34:22 Blast Furnace
34:44 Chemistry
34:08 Bodkin Arrow
34:34 Ballistics
人在江湖
9:53 Feudal Age
15:11 Castle Age
13:47 Horse Collar
14:00 Double-Bit Axe
22:10 Heavy Plow
23:19 Wheelbarrow
25:01 Hand Cart
29:54 Imperial Age
27:11 Loom
27:12 Town Watch
27:19 Gold Mining
27:55 Scale Barding Armor
28:02 Forging
28:09 Bow Saw
27:57 Stone Mining
29:31 Husbandry
29:42 Bloodlines
29:53 Chain Barding Armor
30:26 Gold Shaft Mining
31:13 Plate Barding Armor
31:00 Conscription
31:20 Murder Holes
32:31 Iron Casting
32:00 Elite Mameluke
34:26 Blast Furnace
35:13 Town Patrol
Lalo Salamanca
10:15 Loom
12:11 Feudal Age
12:37 Double-Bit Axe
12:38 Horse Collar
17:29 Castle Age
17:35 Gold Mining
24:49 Imperial Age
22:46 Sanctity
24:57 Illumination
26:09 Block Printing
逆·风
11:21 Feudal Age
12:24 Double-Bit Axe
15:17 Castle Age
13:15 Horse Collar
16:37 Heavy Plow
17:16 Fervor
19:00 Bow Saw
21:05 Fletching
22:15 Loom
23:45 Wheelbarrow
22:57 Town Watch
26:49 Bodkin Arrow
31:47 Imperial Age
29:49 Hand Cart
30:20 Wagenburg Tactics
30:17 Padded Archer Armor
30:27 Pikeman
31:08 Squires
30:54 Arson
31:10 Scale Mail Armor
31:21 Forging
31:49 Murder Holes
32:54 Chemistry
32:22 Chain Mail Armor
32:49 Conscription
32:08 Halberdier
34:41 Two-Man Saw
35:04 Plate Mail Armor
35:10 Iron Casting
39:42 Blast Furnace
40:14 Bracer
40:30 Leather Archer Armor
Danub
6:53 Loom
9:34 Feudal Age
14:00 Castle Age
12:23 Horse Collar
12:36 Double-Bit Axe
15:23 Bow Saw
19:36 Town Watch
24:08 Heavy Plow
25:57 Devotion
31:45 Imperial Age
29:38 Scale Mail Armor
30:03 Forging
30:31 Wheelbarrow
29:36 Man-at-Arms
30:03 Gambesons
30:18 Squires
31:29 Chain Mail Armor
31:22 Squires
31:05 Long Swordsman
32:39 Iron Casting
32:50 Conscription
32:00 Two-Handed Swordsman
32:51 Pikeman
33:16 Arson
34:40 Plate Mail Armor
33:49 Halberdier
34:15 Capped Ram
34:41 Shield Wall
36:32 Fletching
37:16 Hand Cart
37:28 Champion
38:50 Bodkin Arrow
39:57 Two-Man Saw
39:58 Crop Rotation
39:29 Town Patrol
39:10 Siege Ram
40:09 Gold Mining
40:10 Stone Mining
Molle
9:44 Feudal Age
13:41 Castle Age
11:40 Double-Bit Axe
11:58 Horse Collar
15:03 Bow Saw
20:29 Wheelbarrow
23:10 Hand Cart
24:25 Heavy Plow
24:30 Loom
25:09 Town Watch
28:14 Imperial Age
26:00 Scale Barding Armor
26:06 Forging
26:28 Town Watch
26:06 Pikeman
26:47 Squires
26:56 Scale Mail Armor
28:03 Iron Casting
28:22 Chain Mail Armor
30:46 Blast Furnace
29:26 Halberdier
30:11 Gold Mining
30:11 Stone Mining
30:52 Crop Rotation
31:24 Two-Man Saw
31:02 Plate Mail Armor
31:19 Conscription
31:22 Elite Jarl
31:57 Vendel Legacy
32:59 Scale Barding Armor
34:32 Chain Barding Armor
35:01 Stone Shaft Mining
34:39 Treadmill Crane
36:00 Chemistry
35:21 Ballistics
36:51 Plate Barding Armor
37:27 Bloodlines
37:17 Husbandry
Popeye
10:32 Feudal Age
11:28 Double-Bit Axe
14:21 Castle Age
12:11 Horse Collar
16:34 Bow Saw
17:25 Heavy Plow
22:25 Wheelbarrow
21:56 Loom
22:31 Fervor
24:43 Gold Mining
28:12 Imperial Age
26:55 Gold Shaft Mining
26:40 Hand Cart
27:03 Scale Barding Armor
27:09 Forging
27:02 Stone Mining
27:45 Town Watch
28:13 Husbandry
28:24 Bloodlines
29:55 Chain Barding Armor
30:22 Iron Casting
29:12 Cavalier
32:04 Blast Furnace
32:39 Plate Barding Armor
33:40 Savar
37:08 Town Patrol
37:20 Citadels
39:57 Thumb Ring
39:13 Crossbowman
39:44 Fletching
39:54 Padded Archer Armor
GGINDU
10:45 Feudal Age
14:40 Castle Age
12:49 Double-Bit Axe
12:58 Horse Collar
14:42 Arson
14:54 Gold Mining
16:30 Scale Barding Armor
16:39 Forging
24:10 Heavy Plow
24:24 Bow Saw
29:55 Imperial Age
28:18 Loom
32:18 Fletching
40:21 Scale Mail Armor
40:56 Iron Casting
Connection lost

Rejoining the realm…

Still unreachable

The connection could not be restored.

Session expired

The server has moved on; the page needs a fresh start.